 Dungeon Crawl Stone Soup version 0.30-a0-632-g346586fe48 (webtiles) character file.

Game seed: 7318418656932459985

879 bande the Chopper (level 8, -1/48 HPs)
             Began as a Gargoyle Fighter on Jan 14, 2023.
             Was an Initiate of Okawaru.
             Slain by an ice beast (9 damage)
             ... on level 5 of the Dungeon.
             The game lasted 00:08:14 (5057 turns).

bande the Chopper (Gargoyle Fighter)                Turns: 5057, Time: 00:08:15

Health: -1/48      AC: 16    Str: 20    XL:     8   Next: 4%
Magic:  7/9        EV:  7    Int:  9    God:    Okawaru [......]
Gold:   133        SH:  5    Dex: 11    Spells: 7/7 levels left

rFire   . . .      SeeInvis .    a - +1 war axe
rCold   . . .      Faith    .    c - +0 buckler
rNeg    + . .      Spirit   .    k - +0 chain mail
rPois   ∞          Reflect  .    (no helmet)
rElec   +          Harm     .    (no cloak)
rCorr   .          Rampage  .    (no gloves)
Will    .....                    q - +0 pair of boots Stlth
                                 (no amulet)
HPRegen 0.28/turn                (no ring)
MPRegen 0.11/turn                (no ring)

@: no status effects
A: sickness immunity, AC +5, negative energy resistance 1, electricity
resistance, torment resistance 1, petrification resistance
a: Renounce Religion


You were on level 5 of the Dungeon.
You worshipped Okawaru.
Okawaru was noncommittal.
You visited 2 branches of the dungeon, and saw 6 of its levels.

You collected 133 gold pieces.

Inventory:

Hand Weapons
 a - a +1 war axe (weapon)
 d - a +0 flail of protection
Armour
 c - a +0 buckler (worn)
 j - a +1 scale mail of cold resistance
 k - a +0 chain mail (worn)
 q - a +0 pair of boots (worn)
Wands
 r - a wand of flame (28)
Scrolls
 b - a scroll of enchant weapon
 e - a scroll of fog
 i - a scroll of teleportation
Potions
 f - 2 potions of haste
 g - a potion of invisibility
 h - a potion of heal wounds
 l - a potion of berserk rage {unknown}
 m - a potion of resistance
 n - a potion of lignification {unknown}
 o - a potion of flight {unknown}
 p - 2 potions of curing
 s - a potion of magic {unknown}
 t - a potion of degeneration {unknown}


   Skills:
 + Level 4.7 Fighting
 + Level 5.6 Axes
 + Level 5.5 Armour
 + Level 4.5 Shields
 * Level 1.4 Invocations
 * Level 1.9 Evocations


You had 7 spell levels left.
You didn't know any spells.
Your spell library contained the following spells:

 Spells                   Type           Power      Damage    Failure   Level
 Ensorcelled Hibernation  Hex/Ice        0%         N/A       100%        2
 Spider Form              Tmut/Pois      0%         N/A       100%        3
 Anguish                  Hex/Necr       0%         N/A       100%        4
 Passage of Golubria      Tloc           0%         N/A       100%        4
 Silence                  Hex/Air        0%         N/A       100%        5
 Lehudib's Crystal Spear  Conj/Erth      0%         10d2      100%        8


Dungeon Overview and Level Annotations

Branches:
Dungeon (5/15)             Temple (1/1) D:5

Altars:
Ashenzari
Cheibriados
Dithmenos
Elyvilon
Fedhas
Gozag
Hepliaklqana
Kikubaaqudgha
Makhleb
Nemelex Xobeh
Okawaru
Qazlal
Ru
Sif Muna
Trog
Uskayaw
Vehumet
Xom
Yredelemnul
Zin
The Shining One

Shops:
D:4 =


Innate Abilities, Weirdness & Mutations

You are immune to sickness and miasma.
Your stone body is resilient. (AC +5)
You are immune to poison.
You resist negative energy. (rN+)
You are resistant to electric shocks. (rElec)
You are resistant to unholy torment.
You are immune to petrification.


Message History

You hit the ice beast but do no damage.
The centaur hits you but does no damage.
The centaur kicks you.
* * * LOW HITPOINT WARNING * * *
The centaur hits you but does no damage.
The centaur kicks you.
* * * LOW HITPOINT WARNING * * *
The ice beast hits you but does no damage.
You feel much better. You block the centaur's attack.
The centaur closely misses you.
The ice beast hits you but does no damage.
The centaur closely misses you. You block the centaur's attack.
You closely miss the centaur.
The centaur is almost dead.
You barely miss the ice beast.
The centaur hits you but does no damage.
You block the centaur's attack.
The ice beast hits you but does no damage.
The centaur hits you. You block the centaur's attack.
Unknown command.
You barely miss the ice beast.
The ice beast is moderately wounded.
You hit the centaur.
You kill the centaur!
Okawaru accepts your kill. The ice beast hits you. The ice beast freezes you!
* * * LOW HITPOINT WARNING * * *
The ice beast hits you but does no damage.
You have reached level 8!
You feel stronger.
You barely miss the ice beast.
The ice beast is moderately wounded.
The ice beast barely misses you.
Unknown command.
You hit the ice beast.
The ice beast is heavily wounded.
The ice beast hits you.
* * * LOW HITPOINT WARNING * * *
The ice beast freezes you!
You die...

#.# ####.### #########
#......# #........
#..^...# #........
#.)....# #........
####.### ##........
######.######.........
#..........##.).......
###+#.##........@.......
......##.###.##.Y.......
......##.# #.#>....#####
......##.# #..........
......##.# ......##..#
###.#.##.####.#..# #.#
#.#.##.# #.#... ...
#.#.# #.#..# #. #.#.#


You could see an ice beast.

Vanquished Creatures
  Sigmund (D:3)
  Eustachio (D:4)
  Edmund (D:4)
  An ogre (D:5)
  A centaur (D:5)
  A scorpion (D:5)
  A jelly (D:5)
  An orc wizard (D:4)
  4 gnolls (D:4)
  5 adders
  A worm (D:3)
  3 dart slugs
  3 orcs
  6 ball pythons
  8 bats
  6 endoplasms
  2 giant cockroaches
  11 goblins
  6 hobgoblins
  7 jackals
  4 quokkas
  4 frilled lizards
  5 kobolds
  6 rats
  A butterfly (D:2)
90 creatures vanquished.

Vanquished Creatures (others)
  2 plants (D:2)
2 creatures vanquished.

Grand Total: 92 creatures vanquished

Notes
Turn   | Place    | Note
-------+----------+-------------------------------------------
     0 | D:1      | bande the Gargoyle Fighter began the quest for the Orb.
     0 | D:1      | Reached XP level 1. HP: 14/14 MP: 1/1
   297 | D:1      | Reached XP level 2. HP: 19/19 MP: 2/2
   446 | D:1      | Reached XP level 3. HP: 22/24 MP: 3/3
  1477 | D:2      | Found a bloodstained altar of Trog.
  1498 | D:2      | Reached XP level 4. HP: 28/29 MP: 4/4
  1893 | D:2      | You fall into a shaft and drop 1 floor!
  1915 | D:3      | Found a faded altar of an unknown god.
  2059 | D:3      | Noticed Sigmund
  2087 | D:3      | Killed Sigmund
  2088 | D:3      | Reached XP level 5. HP: 10/33 MP: 5/5
  2088 | D:3      | Reached XP level 6. HP: 12/38 MP: 6/6
  2805 | D:3      | Found a burning altar of Makhleb.
  2808 | D:3      | Found a white marble altar of Elyvilon.
  2811 | D:3      | Found a shadowy altar of Dithmenos.
  2813 | D:3      | Found a snail-covered altar of Cheibriados.
  2919 | D:4      | Noticed Edmund
  2947 | D:4      | Killed Edmund
  3345 | D:4      | Found Symeul's Jewellery Shoppe.
  3378 | D:4      | Noticed Eustachio
  3411 | D:4      | Killed Eustachio
  3412 | D:4      | Reached skill level 5 in Armour
  3412 | D:4      | Reached XP level 7. HP: 20/44 MP: 7/7
  3615 | D:4      | Reached skill level 1 in Evocations
  3638 | D:4      | Reached skill level 5 in Axes
  4472 | D:5      | Entered Level 5 of the Dungeon
  4538 | D:5      | Found a staircase to the Ecumenical Temple.
  4550 | Temple   | Entered the Ecumenical Temple
  4651 | Temple   | Became a worshipper of Warmaster Okawaru
  4834 | D:5      | Reached skill level 1 in Invocations
  5052 | D:5      | HP: 2/44 [centaur (2)]
  5056 | D:5      | Reached XP level 8. HP: 8/48 MP: 7/9
  5057 | D:5      | Slain by an ice beast

Illustrated notes

Levels and vault maps discovered:
D:1:      dpeg_arrival_round_c, layout_loops_ring
D:2:      layout_loops_corners, basic_altar, grunt_decor_mini_mirrors,
          chequers_serial_rivers_large_b, hangedman_glass_garden,
          amcnicky_mini_rare_corridor_liquid
D:3:      layout_loops_ring, mainiacjoe_overflow_alcove_3,
          ebering_ecumenical_altar_mist, hangedman_abyss_or_decor_lesser_grid,
          uniq_sigmund
D:4:      layout_gridville, serial_shops, nicolae_take_the_stairs, uniq_edmund,
          uniq_eustachio
D:5:      layout_basic, minmay_temple_entry_trees, serial_shops,
          nicolae_inconvenience_store, kennysheep_mini_moat,
          nicolae_square_shop, nicolae_square_shop
Temple:   minmay_temple_bridge_d

Skill      XL: |  1  2  3  4  5  6  7 |
---------------+----------------------+-----
Axes           | 2 4 5 |  5.6
Fighting       | 4 |  4.7
Armour         | 4 5 |  5.5
Shields        | 4 |  4.5
Evocations     | 1 |  1.9
Invocations    | 1 |  1.4

Action                   |  1- 3 |  4- 6 |  7- 9 || total
-------------------------+-------+-------+-------++-------
Melee: War axe           |   138 |   126 |    82 ||   346
  Use: Scroll            |       |     8 |     2 ||    10
       Potion            |       |     1 |     1 ||     2
Armor: Scale mail        |    72 |       |       ||    72
       Chain mail        |    16 |    91 |    96 ||   203
Dodge: Dodged            |    70 |    33 |    48 ||   151
Block: Buckler           |    33 |    34 |    26 ||    93

Table legend: (Time is in decaauts)
 A = Elapsed time spent in this place.
 B = Non-inter-level travel time spent in this place.
 C = Inter-level travel time spent in this place.
 D = Time resting spent in this place.
 E = Time spent auto-exploring this place.
 F = Levels seen in this place.
 G = Mean time per level.
                   A        B        C        D        E       F      G
               +--------+--------+--------+--------+--------+-----+--------+
         Total |   5214 |   4917 |    297 |   1386 |   2658 |   6 |  869.0 |
       Dungeon |   4980 |   4713 |    267 |   1386 |   2477 |   5 |  996.0 |
        Temple |    233 |    203 |     30 |      0 |    181 |   1 |  233.0 |
               +--------+--------+--------+--------+--------+-----+--------+

Top non-repeatable levels by time:
     D:4: 1591 daAuts
     D:1: 1134 daAuts
     D:3: 1036 daAuts
     D:2: 858 daAuts
     D:5: 361 daAuts
  Temple: 233 daAuts
